 Dungeon Crawl Stone Soup version bcrawl-1.12-8-g964540c432 (webtiles) character file.

Game seed: 744512519437623221

222 Hercules1031 the Ducker (level 5, -2/47 HPs)
             Began as a Gnoll Reaver on June 10, 2019.
             Was a Priest of Vehumet.
             Slain by a sky beast (5 damage)
             ... on level 4 of the Dungeon.
             The game lasted 00:13:09 (2093 turns).

Hercules1031 the Ducker (Gnoll Reaver)              Turns: 2093, Time: 00:13:10

Health: -2/47      AC:  6    Str: 12 (13) XL:     5   Next: 99%
Magic:  7/12       EV: 15    Int: 20 (23) God:    Vehumet [***...]
Gold:   130        SH:  1    Dex: 10 (13) Spells: 4/14 levels left

rFire    . . .     SeeInvis .   a - +0 long sword
rCold    . . .     Gourm    .   (no shield)
rNeg     . . .     Faith    .   b - +0 steam dragon scales
rPois    .         Spirit   .   j - +0 helmet
rElec    .         Reflect  .   (no cloak)
rCorr    .         Harm     .   (no gloves)
MR       .....                  (no boots)
Stlth    ++........             (no amulet)
HPRegen  0.15/turn              (no ring)
MPRegen  0.13/turn              (no ring)

@: brilliant, flying
A: distributed training, fangs 1, strong nose
a: Renounce Religion


You were on level 4 of the Dungeon.
You worshipped Vehumet.
Vehumet was most pleased with you.
You were not hungry.

You visited 1 branch of the dungeon, and saw 4 of its levels.

You collected 130 gold pieces.

Inventory:

Hand Weapons
 a - a +0 long sword (weapon)
Armour
 b - +0 steam dragon scales (worn)
 j - a +0 helmet (worn)
Scrolls
 d - a scroll of immolation
 e - a scroll of magic mapping {unknown}
 g - 2 scrolls of remove curse {unknown}
 k - 4 scrolls of teleportation {unknown}
 l - a scroll of amnesia {unknown}
Potions
 c - a potion of haste
 h - a potion of flight
 i - a potion of brilliance
Comestibles
 f - 6 rations {!d}


   Skills:
 + Level 6.7 Fighting
 + Level 1.6 Short Blades
 + Level 6.7 Long Blades
 + Level 1.6 Axes
 + Level 1.6 Maces & Flails
 + Level 1.6 Polearms
 + Level 1.6 Staves
 + Level 1.6 Slings
 + Level 1.6 Bows
 + Level 1.6 Crossbows
 + Level 1.6 Throwing
 + Level 1.6 Armour
 + Level 6.7 Dodging
 + Level 1.6 Stealth
 + Level 1.6 Shields
 + Level 1.6 Unarmed Combat
 + Level 5.2 Spellcasting
 + Level 1.3 Conjurations
 + Level 1.3 Hexes
 + Level 1.3 Charms
 + Level 1.3 Summonings
 + Level 1.3 Necromancy
 + Level 1.3 Translocations
 + Level 1.3 Transmutations
 + Level 1.3 Fire Magic
 + Level 1.3 Ice Magic
 + Level 1.3 Air Magic
 + Level 1.3 Earth Magic
 + Level 1.3 Poison Magic
 + Level 1.9 Invocations
 + Level 1.6 Evocations


You had 4 spell levels left.
You knew the following spells:

 Your Spells              Type           Power        Failure   Level  Hunger
a - Shock                 Conj/Air       ###.         1%          1    None
b - Sandblast             Erth           ###...       1%          1    None
c - Iskenderun's Battles  Conj/Chrm      ###.....     19%         5    #####..
d - Inner Flame           Hex/Fire       N/A          2%          3    ##.....

Your spell library contained the following spells:

 Spells                   Type           Power        Failure   Level  Hunger


Dungeon Overview and Level Annotations

Branches:
Dungeon (4/12)
 Temple: D:4-7

Altars:


Innate Abilities, Weirdness & Mutations

Your experience applies equally to all skills.
You have very sharp teeth.
Your uncanny sense of smell can sniff out nearby items.


Message History

Something shocks you.
* * * LOW HITPOINT WARNING * * *
The jackal misses you.
The sky beast flickers out of sight!
You hit something. The jackal bites you.
* * * LOW HITPOINT WARNING * * *
Something barely misses you.
It was a potion of brilliance.
You feel clever all of a sudden. The jackal barely misses you.
Something barely misses you.
It was a potion of flight.
You feel very buoyant.
You fly up into the air.
The jackal misses you. x2
Something barely misses you.
It was a potion of degeneration.
There was something very wrong with that liquid.
You feel weakened.
You feel dopey.
You feel clumsy. The jackal misses you. Something hits you.
* * * LOW HITPOINT WARNING * * *
Something shocks you.
You die...

#.....†..####
#....)....... ####
###........###§.
#...###.........≈≈≈§§
# #..#..#.......≈####
#.##...##..#######
#.....###.##
#...#.{###.# ....
##@h{..# ##. ###..##
. #..# ∆ .... ∆ .....
.....# .###.# .# .#


You could see a jackal.

Vanquished Creatures
  An orc wizard (D:4)
  A worker ant (D:3)
  A hound skeleton (D:4)
  Robin (D:2)
  2 adders (D:3)
  2 oozes
  2 worms
  A dart slug (D:2)
  5 leopard geckos
  5 orcs
  4 giant cockroaches
  10 hobgoblins
  15 jackals
  9 kobolds
  2 quokkas
  8 bats
  4 frilled lizards
  17 goblins
  7 rats
97 creatures vanquished.

Notes
Turn   | Place    | Note
-------+----------+-------------------------------------------
     0 | D:1      | Hercules1031 the Gnoll Reaver began the quest for the Orb.
     0 | D:1      | Reached XP level 1. HP: 23/23 MP: 6/6
   119 | D:1      | Reached XP level 2. HP: 29/29 MP: 7/7
   202 | D:1      | Reached * piety under Vehumet
   202 | D:1      | Offered knowledge of Shock by Vehumet.
   211 | D:1      | Learned a level 1 spell: Shock
   249 | D:1      | Reached XP level 3. HP: 28/35 MP: 2/9
   435 | D:1      | Reached skill level 5 in Spellcasting
   729 | D:2      | Noticed Robin
   741 | D:2      | Reached skill level 1 in Invocations
   749 | D:2      | Killed Robin
   749 | D:2      | Reached skill level 1 in Short Blades
   749 | D:2      | Reached skill level 1 in Axes
   749 | D:2      | Reached skill level 1 in Maces & Flails
   749 | D:2      | Reached skill level 1 in Polearms
   749 | D:2      | Reached skill level 1 in Staves
   749 | D:2      | Reached skill level 1 in Slings
   749 | D:2      | Reached skill level 1 in Bows
   749 | D:2      | Reached skill level 1 in Crossbows
   749 | D:2      | Reached skill level 1 in Throwing
   749 | D:2      | Reached skill level 1 in Armour
   749 | D:2      | Reached skill level 1 in Stealth
   749 | D:2      | Reached skill level 1 in Shields
   749 | D:2      | Reached skill level 1 in Unarmed Combat
   749 | D:2      | Reached skill level 1 in Evocations
   750 | D:2      | Reached XP level 4. HP: 26/41 MP: 2/11
   760 | D:2      | Offered knowledge of Sandblast by Vehumet.
   771 | D:2      | Learned a level 1 spell: Sandblast
   807 | D:2      | Found a faded altar of an unknown god.
   813 | D:2      | Reached ** piety under Vehumet
  1130 | D:2      | Reached skill level 1 in Conjurations
  1130 | D:2      | Reached skill level 1 in Hexes
  1130 | D:2      | Reached skill level 1 in Charms
  1130 | D:2      | Reached skill level 1 in Summonings
  1130 | D:2      | Reached skill level 1 in Necromancy
  1130 | D:2      | Reached skill level 1 in Translocations
  1130 | D:2      | Reached skill level 1 in Transmutations
  1130 | D:2      | Reached skill level 1 in Fire Magic
  1130 | D:2      | Reached skill level 1 in Ice Magic
  1130 | D:2      | Reached skill level 1 in Air Magic
  1130 | D:2      | Reached skill level 1 in Earth Magic
  1130 | D:2      | Reached skill level 1 in Poison Magic
  1419 | D:3      | Reached XP level 5. HP: 36/47 MP: 12/12
  1426 | D:3      | Learned a level 5 spell: Iskenderun's Battlesphere
  1464 | D:3      | Offered knowledge of Inner Flame by Vehumet.
  1469 | D:3      | Learned a level 3 spell: Inner Flame
  2049 | D:4      | Reached *** piety under Vehumet
  2063 | D:4      | Noticed a sky beast
  2066 | D:4      | Noticed a sky beast
  2093 | D:4      | Slain by a sky beast

Skill      XL: |  1  2  3  4 |
---------------+-------------+-----
Spellcasting   | 5 |  5.2
Invocations    | 1 |  1.9
Short Blades   | 1 |  1.6
Axes           | 1 |  1.6
Maces & Flails | 1 |  1.6
Polearms       | 1 |  1.6
Staves         | 1 |  1.6
Slings         | 1 |  1.6
Bows           | 1 |  1.6
Crossbows      | 1 |  1.6
Throwing       | 1 |  1.6
Armour         | 1 |  1.6
Stealth        | 1 |  1.6
Shields        | 1 |  1.6
Unarmed Combat | 1 |  1.6
Evocations     | 1 |  1.6
Conjurations   | 1 |  1.3
Hexes          | 1 |  1.3
Charms         | 1 |  1.3
Summonings     | 1 |  1.3
Necromancy     | 1 |  1.3
Translocations | 1 |  1.3
Transmutations | 1 |  1.3
Fire Magic     | 1 |  1.3
Ice Magic      | 1 |  1.3
Air Magic      | 1 |  1.3
Earth Magic    | 1 |  1.3
Poison Magic   | 1 |  1.3
Fighting       | |  6.7
Long Blades    | |  6.7
Dodging        | |  6.7

Action                   |  1- 3 |  4- 6 || total
-------------------------+-------+-------++-------
Melee: Long sword        |    68 |   117 ||   185
       Bite              |     4 |     9 ||    13
 Cast: Shock             |    34 |   101 ||   135
  Use: Potion            |       |     3 ||     3
 Stab: Sleeping          |       |     1 ||     1
  Eat: Ration            |       |     2 ||     2
Armor: Steam dragon scal |    10 |    40 ||    50
Dodge: Dodged            |    95 |   156 ||   251
Block: Other             |     4 |    10 ||    14
